 Dungeon Crawl Stone Soup version 0.30-a0-782-ge64f9170bb (webtiles) character file.

Game seed: 3989881579554952005

349 vineage the Trooper (level 6, 0/41 HPs)
             Began as a Gargoyle Fighter on Mar 2, 2023.
             Was an Initiate of Okawaru.
             Slain by a steam dragon (1 damage)
             ... on level 5 of the Dungeon.
             The game lasted 00:03:30 (3925 turns).

vineage the Trooper (Gargoyle Fighter)              Turns: 3925, Time: 00:03:31

Health: 0/41       AC: 14    Str: 22    XL:     6   Next: 60%
Magic:  6/6        EV:  9    Int:  8    God:    Okawaru [......]
Gold:   295        SH:  4    Dex:  9    Spells: 5/5 levels left

rFire   . . .      SeeInvis +    a - +0 flail
rCold   . . .      Faith    .    c - +0 buckler
rNeg    + . .      Spirit   .    m - +1 scale mail of Lugonu, Dancing {rPois Slay+3 SInv}
rPois   ∞          Reflect  .    (no helmet)
rElec   +          Harm     .    p - +1 cloak
rCorr   .          Rampage  .    (no gloves)
Will    .....                    (no boots) Stlth
                                 h - amulet of the acrobat
HPRegen 0.26/turn                (no ring)
MPRegen 0.10/turn                (no ring)

@: mighty
A: sickness immunity, AC +4, negative energy resistance 1, electricity
resistance, torment resistance 1, petrification resistance
a: Renounce Religion


You were on level 5 of the Dungeon.
You worshipped Okawaru.
Okawaru was noncommittal.
You visited 2 branches of the dungeon, and saw 6 of its levels.

You collected 295 gold pieces.

Inventory:

Hand Weapons
 a - a +0 flail (weapon)
Armour
 c - a +0 buckler (worn)
 m - the +1 scale mail of Lugonu, Dancing (worn) {rPois Slay+3 SInv}
   (You found it on level 3 of the Dungeon)

   Slay:      It affects your accuracy & damage with ranged weapons and melee
   (+3).
   rPois:     It protects you from poison.
   SInv:      It lets you see invisible.
 p - a +1 cloak (worn)
Jewellery
 g - an amulet of faith
 h - an amulet of the acrobat (around neck)
Wands
 e - a wand of roots (8)
 i - a wand of polymorph (11)
 n - a wand of mindburst (15)
Scrolls
 j - 2 scrolls of fear
 o - a scroll of magic mapping
 r - a scroll of enchant armour
Potions
 b - 2 potions of curing
 d - a potion of might
 k - a potion of lignification
 l - 3 potions of flight
 q - a potion of ambrosia {unknown}


   Skills:
 + Level 6.0 Fighting
 + Level 5.0 Maces & Flails
 - Level 3.2 Armour
 - Level 3.2 Shields


You had 5 spell levels left.
You didn't know any spells.
Your spell library contained the following spells:

 Spells                   Type           Power      Damage    Failure   Level
 Scorch                   Fire           0%         2d5       92%         2
 Kindle Blastsparks       Fire/Tloc/Air  0%         2d10      99%         3
 Flame Wave               Conj/Fire      0%         2d4       100%        4
 Fulminant Prism          Conj/Hex       0%         3d5       100%        4
 Iskenderun's Mystic Bla  Conj/Tloc      0%         2d3       100%        4
 Lee's Rapid Deconstruct  Erth           0%         3d4*      100%        5
 Summon Cactus Giant      Summ           Unusable   N/A       N/A         6

Dungeon Overview and Level Annotations

Branches:
Dungeon (5/15)             Temple (1/1) D:4

Altars:
Ashenzari
Cheibriados
Elyvilon
Fedhas
Hepliaklqana
Kikubaaqudgha
Makhleb
Nemelex Xobeh
Okawaru
Qazlal
Ru
Trog
Vehumet
Wu Jian
Yredelemnul

Shops:
D:4 =


Innate Abilities, Weirdness & Mutations

You are immune to sickness and miasma.
Your stone body is resilient. (AC +4)
You are immune to poison.
You resist negative energy. (rN+)
You are resistant to electric shocks. (rElec)
You are resistant to unholy torment.
You are immune to petrification.


Message History

* * * LOW HITPOINT WARNING * * *
The white imp hits you but does no damage. x2
The steam dragon misses you. The steam dragon barely misses you.
Found 7 gold pieces.
The steam dragon completely misses you. The steam dragon barely misses you.
A phantom comes into view.
You sock the steam dragon!
The steam dragon is severely wounded.
The steam dragon bites you.
* * * LOW HITPOINT WARNING * * *
The steam dragon claws you.
* * * LOW HITPOINT WARNING * * *
The white imp barely misses you.
Okay, then.
Okay, then.
You feel much better.
The steam dragon bites you but does no damage.
You block the steam dragon's attack.
The white imp hits you but does no damage.
You completely miss the steam dragon.
The steam dragon is severely wounded.
You block the steam dragon's attack. The steam dragon completely misses you.
The white imp barely misses you.
You barely miss the steam dragon.
The steam dragon is severely wounded.
The steam dragon bites you but does no damage.
You block the steam dragon's attack. You block the white imp's attack.
You closely miss the steam dragon.
The steam dragon is severely wounded.
The steam dragon bites you. The steam dragon barely misses you.
The white imp hits you but does no damage.
You hit the steam dragon.
The steam dragon is almost dead.
The white imp gestures at you. The puff of frost hits you!
The steam dragon breathes steam at you. The ball of steam hits you!!
* * * LOW HITPOINT WARNING * * *
The steam dragon bites you.
You die...

.....#.....##.
##..#.................
#.[..................#
###...................#
#....#.................
##..###......>..........
#..##.#.##.##...§......#
###......#.###..§......#
##..#.........@......#
####..###..#.D5......
##......#.W.......
#.....§..........
##.#............$
#####..........#
....#..$...#
##...#..##### .........


You could see a steam dragon (catching breath), a phantom and a white imp.

Vanquished Creatures
  2 jellies
  2 hounds
  Natasha (thrice) (D:3)
  2 adders
  5 gnolls
  A worm (D:2)
  A dart slug (D:1)
  6 ball pythons
  A bat (D:3)
  9 endoplasms
  5 giant cockroaches
  4 goblins
  9 hobgoblins
  8 jackals
  A quokka (D:1)
  A frilled lizard (D:2)
  10 kobolds
  8 rats
78 creatures vanquished.

Notes
Turn   | Place    | Note
-------+----------+-------------------------------------------
     0 | D:1      | vineage the Gargoyle Fighter began the quest for the Orb.
     0 | D:1      | Reached XP level 1. HP: 14/14 MP: 1/1
    31 | D:1      | Reached XP level 2. HP: 16/20 MP: 2/2
   293 | D:1      | Reached XP level 3. HP: 22/24 MP: 3/3
   296 | D:1      | Reached skill level 4 in Fighting
   612 | D:1      | You fall into a shaft and drop 1 floor!
   754 | D:2      | Reached XP level 4. HP: 17/30 MP: 4/4
  2250 | D:2      | Reached XP level 5. HP: 34/34 MP: 5/5
  2294 | D:3      | Found an ancient bone altar of Kikubaaqudgha.
  2376 | D:3      | Noticed Natasha
  2385 | D:3      | Killed Natasha
  2386 | D:3      | Reached skill level 5 in Fighting
  2435 | D:3      | Found a bloodstained altar of Trog.
  2447 | D:3      | Identified the +1 scale mail of Lugonu, Dancing {rPois
                  | Slay+3 SInv}
  2534 | D:3      | Noticed Natasha
  2541 | D:3      | Killed Natasha
  2589 | D:3      | Noticed Natasha
  2593 | D:3      | Killed Natasha
  2967 | D:4      | Found a white marble altar of Elyvilon.
  2988 | D:4      | Reached XP level 6. HP: 12/40 MP: 6/6
  3278 | D:4      | Found Inyn Dapn's Jewellery Emporium.
  3355 | D:4      | Found a staircase to the Ecumenical Temple.
  3402 | Temple   | Entered the Ecumenical Temple
  3546 | Temple   | Became a worshipper of Warmaster Okawaru
  3819 | D:5      | Entered Level 5 of the Dungeon
  3909 | D:5      | Noticed a steam dragon
  3914 | D:5      | Reached skill level 6 in Fighting
  3914 | D:5      | Reached skill level 5 in Maces & Flails
  3925 | D:5      | HP: 1/41 [steam dragon/ball of steam (18)]
  3925 | D:5      | Slain by a steam dragon

Illustrated notes

Levels and vault maps discovered:
D:1:      dpeg_arrival_ternary, layout_basic, minmay_misc_feat_diagonals
D:2:      layout_basic, feat_on_display
D:3:      layout_loops_cross, mainiacjoe_overflow_boulevard,
          nicolae_kikubaaqudgha_miasma_corner, grunt_decor_cap, uniq_natasha
D:4:      layout_basic, elyvilon_altar_4, minmay_temple_entry_mist,
          serial_shops, nicolae_shop_window_shopping
D:5:      layout_cave_pools
Temple:   chequers_temple_sunken

Skill      XL: |  1  2  3  4  5  6 |
---------------+-------------------+-----
Fighting       | 4 5 6 |  6.0
Maces & Flails | 3 4 5 |  5.0
Armour         | |  3.2
Shields        | |  3.2

Action                     |  1- 3 |  4- 6 || total
---------------------------+-------+-------++-------
  Melee: Flail             |    82 |   170 ||   252
    Use: Scroll            |       |    13 ||    13
         Potion            |       |     2 ||     2
 Armour: Scale mail        |    34 |   105 ||   139
         Chain mail        |       |    11 ||    11
  Dodge: Dodged            |    42 |    97 ||   139
  Block: Buckler           |    18 |    36 ||    54

Table legend: (Time is in decaauts)
 A = Elapsed time spent in this place.
 B = Non-inter-level travel time spent in this place.
 C = Inter-level travel time spent in this place.
 D = Time resting spent in this place.
 E = Time spent auto-exploring this place.
 F = Levels seen in this place.
 G = Mean time per level.
                   A        B        C        D        E       F      G
               +--------+--------+--------+--------+--------+-----+--------+
         Total |   4042 |   3808 |    234 |    230 |   2894 |   6 |  673.7 |
       Dungeon |   3832 |   3629 |    203 |    230 |   2722 |   5 |  766.4 |
        Temple |    209 |    178 |     31 |      0 |    171 |   1 |  209.0 |
               +--------+--------+--------+--------+--------+-----+--------+

Top non-repeatable levels by time:
     D:2: 1197 daAuts
     D:1: 1142 daAuts
     D:4: 718 daAuts
     D:3: 665 daAuts
  Temple: 209 daAuts
     D:5: 108 daAuts
